 Dungeon Sprint DCSS version 0.21.1-1-g345015f (webtiles) character file.

773 Fang the Cleaver (level 7, -1/76 (78) HPs)
             Began as a Minotaur Berserker on Apr 19, 2018.
             Was an Elder of Trog.
             Slain by a polar bear (14 damage)
             ... in the Dungeon (Sprint II: "The Violet Keep of Menkaure").
             The game lasted 00:01:49 (519 turns).

Fang the Cleaver (Minotaur Berserker)                Turns: 519, Time: 00:01:49

HP:   -1/76 (78)    AC:  2    Str: 23    XL:     7   Next: 53%
MP:   6/6           EV: 14    Int:  4    God:    Trog [****..]
Gold: 729           SH:  0    Dex: 10    Spells: 6/6 levels left

rFire    . . .     SeeInvis .   a - +0 hand axe
rCold    . . .     Gourm    .   (no shield)
rNeg     . . .     Faith    .   b - +0 animal skin
rPois    .         Spirit   .   (helmet restricted)
rElec    .         Reflect  .   (no cloak)
rCorr    .         Harm     .   (no gloves)
MR       .....     NoTele   +   (no boots)
Stlth    +.........             (no amulet)
HPRegen  0.22/turn              (no ring)
MPRegen  0.10/turn              (no ring)

@: berserk cooldown, slowed, very slow
A: retaliatory headbutt, horns 2
a: Berserk, Trog's Hand, Brothers in Arms, Burn Spellbooks, Renounce Religion


You were in the Dungeon.
You worshipped Trog.
Trog was greatly pleased with you.
You were not hungry.

You visited 1 branch You collected 729 gold pieces.

Inventory:

Hand Weapons
 a - a +0 hand axe (weapon)
Armour
 b - a +0 animal skin (worn)
Scrolls
 i - a scroll of blinking
Potions
 d - a potion of curing
 e - a potion of heal wounds
 f - a potion of haste
 g - 2 potions of magic
 h - a potion of berserk rage
Comestibles
 c - a ration
 j - 9 chunks of flesh


   Skills:
 + Level 12.5 Fighting
 + Level 12.7 Axes
 + Level 6.8 Armour
 + Level 6.3 Dodging


You had 6 spell levels left.
You didn't know any spells.

Dungeon Overview and Level Annotations

Branches:
Dungeon (1/1)

Altars:
Cheibriados
Dithmenos
Elyvilon
Fedhas
Gozag
Hepliaklqana
Kikubaaqudgha
Makhleb
Nemelex Xobeh
Okawaru
Qazlal
Ru
Sif Muna
Trog
Uskayaw
Vehumet
Wu Jian
Xom
Yredelemnul
Zin
The Shining One
Beogh
Jiyva
Lugonu


Innate Abilities, Weirdness & Mutations

You reflexively headbutt those who attack you in melee.
You have a pair of horns on your head.


Message History

The polar bear claws you. The polar bear barely misses you.
The polar bear closely misses you. You furiously retaliate!
You headbutt the polar bear! The polar bear barely misses you.
The polar bear closely misses you.
You hit the polar bear.
The polar bear is severely wounded.
You hit the polar bear but do no damage.
The polar bear bites you!
* * * LOW HITPOINT WARNING * * *
The polar bear claws you.
* * * LOW HITPOINT WARNING * * *
The polar bear claws you.
* * * LOW HITPOINT WARNING * * *
The polar bear goes berserk!
You hit the polar bear but do no damage.
You headbutt the polar bear!
The polar bear is almost dead.
You hit the polar bear but do no damage.
The polar bear bites you!
You die... ..# ...# ...# .####..## #..# .# ?%$!?

###.##..# +..# .#▓![$?!
##...#..# #..# .#▓%$(!$
.).#.'..####..##.#▓$))??
##...#....###...##▓▓▓▓▓▓
###.##.§....≈≈h≈≈≈≈≈≈≈≈≈
.####≈≈.....§#c########+
..#≈≈≈≈≈≈≈..§#yh@.....#≈
.##≈≈≈§§≈≈≈.≈#.h._....#§
##≈≈≈≈§≈≈≈≈≈≈#_._._...#§
≈≈≈≈≈≈≈≈≈≈§§#._._._..#§
++#≈≈§≈≈≈§≈§#_._._._.#§
##≈≈§###≈§#._._._._#§ §≈
#§§#_._._._.#§
#§≈#..._._._#§
§§≈##########≈


You could see 3 polar bears, a yaktaur and a hornet.

Vanquished Creatures
  A merfolk siren (D)
  4 necrophages (D)
  4 worker ants (D)
  3 worms (D)
12 creatures vanquished.

Vanquished Creatures (others)
  Menkaure (D)
  A crocodile (D)
2 creatures vanquished.

Grand Total: 14 creatures vanquished

Notes
Turn   | Place    | Note
-------+----------+-------------------------------------------
     0 | D        | Fang the Minotaur Berserker began the quest for the Orb.
     0 | D        | Reached XP level 1. HP: 19/19 MP: 0/0
     1 | D        | Noticed a necrophage
     1 | D        | Noticed a necrophage
     1 | D        | Noticed a necrophage
     1 | D        | Noticed a necrophage
     5 | D        | Killed a necrophage
     5 | D        | Reached XP level 2. HP: 32/33 MP: 1/1
     5 | D        | Reached XP level 3. HP: 38/38 MP: 2/2
     5 | D        | Reached XP level 4. HP: 46/46 MP: 3/3
     8 | D        | Killed a necrophage
     8 | D        | Reached XP level 5. HP: 55/55 MP: 4/4
    11 | D        | Killed a necrophage
    11 | D        | Reached ** piety under Trog
    11 | D        | Reached skill level 5 in Armour
    13 | D        | Killed a necrophage
    13 | D        | Reached skill level 10 in Fighting
    13 | D        | Reached skill level 10 in Axes
    13 | D        | Reached skill level 5 in Dodging
    13 | D        | Reached XP level 6. HP: 57/65 MP: 5/5
    25 | D        | Killed Menkaure
   348 | D        | Noticed a merfolk siren
   368 | D        | Killed a merfolk siren
   368 | D        | Reached *** piety under Trog
   368 | D        | Reached XP level 7. HP: 60/75 MP: 6/6
   463 | D        | Reached **** piety under Trog
   500 | D        | Found a stormy altar of Qazlal.
   501 | D        | Found a hazy altar of Hepliaklqana.
   501 | D        | Found a sacrificial altar of Ru.
   501 | D        | Found an ornate altar of the Wu Jian Council.
   502 | D        | Found a roughly hewn altar of Beogh.
   502 | D        | Found a viscous altar of Jiyva.
   502 | D        | Found a deep blue altar of Sif Muna.
   502 | D        | Found a shimmering altar of Xom.
   503 | D        | Found a snail-covered altar of Cheibriados.
   503 | D        | Found an ancient bone altar of Kikubaaqudgha.
   503 | D        | Found a bloodstained altar of Trog.
   503 | D        | Found a glowing golden altar of the Shining One.
   503 | D        | Found a basalt altar of Yredelemnul.
   504 | D        | Found a shadowy altar of Dithmenos.
   504 | D        | Found a corrupted altar of Lugonu.
   505 | D        | Found a white marble altar of Elyvilon.
   505 | D        | Found a burning altar of Makhleb.
   506 | D        | Found a blossoming altar of Fedhas.
   507 | D        | Found an opulent altar of Gozag.
   507 | D        | Noticed a polar bear
   508 | D        | Noticed a polar bear
   508 | D        | Noticed a polar bear
   509 | D        | Noticed a hornet
   509 | D        | Found a hide-covered altar of Uskayaw.
   509 | D        | Found a sparkling altar of Nemelex Xobeh.
   510 | D        | Found a glowing silver altar of Zin.
   510 | D        | Found a radiant altar of Vehumet.
   510 | D        | Found an iron altar of Okawaru.
   512 | D        | Noticed a yaktaur
   519 | D        | Slain by a polar bear

Skill      XL: |  1  2  3  4  5  6 |
---------------+-------------------+-----
Fighting       | 7 8 10 12 | 12.5
Axes           | 7 8 10 12 | 12.7
Armour         | 4 5 6 |  6.8
Dodging        | 3 4 5 6 |  6.3

Action                   |  1- 3 |  4- 6 |  7- 9 || total
-------------------------+-------+-------+-------++-------
Melee: Hand axe          |     1 |    20 |    27 ||    48
       Headbutt          |     1 |     7 |     5 ||    13
Invok: Berserk           |     1 |       |     1 ||     2
Armor: Animal skin       |     1 |     1 |       ||     2
Dodge: Dodged            |     1 |     3 |    23 ||    27
